AoeStats
← LMDP.Krassus/NooBNooB

Hideout

509945171Analyzed
1v1 RM · 4d ago on Sep 28, 2026· 57m 24s· 2 players
Game mode
Random Map
Map size
Tiny (2 player)
Population
200
Speed
Normal
Resources
Standard
Victory
Conquest
Starting age
Dark Age
Ending age
Imperial Age
RankedLock teamsTeams togetherTeam positionsShared explorationLock speedFull tech treeHidden civsTurbo modeCheats
Victory
Defeat
🇩🇪 Vietnamese · Germany
991
+15
🇨🇭 Poles · Switzerland
979
-15
LMDP.Krassus/NooBNooB
4:09 Loom
11:53 Feudal Age
17:37 Castle Age
16:05 Double-Bit Axe
17:14 Horse Collar
28:33 Wheelbarrow
28:30 Heavy Plow
31:15 Husbandry
31:26 Bloodlines
31:24 Szlachta Privileges
34:26 Imperial Age
35:12 Forging
34:46 Cavalier
37:02 Iron Casting
39:45 Hand Cart
42:04 Chemistry
41:00 Elite Skirmisher
41:51 Thumb Ring
41:34 Onager
54:19 Scale Barding Armor
56:06 Blast Furnace
55:27 Chain Barding Armor
Marayakan
10:34 Feudal Age
12:02 Loom
15:38 Castle Age
14:51 Double-Bit Axe
14:48 Horse Collar
16:05 Gold Mining
17:11 Bow Saw
17:12 Fletching
18:05 Crossbowman
19:22 Heavy Plow
21:07 Bodkin Arrow
21:45 Padded Archer Armor
22:06 Squires
27:00 Wheelbarrow
26:10 Town Watch
27:07 Leather Archer Armor
28:36 Thumb Ring
29:00 Town Patrol
34:53 Ballistics
39:24 Imperial Age
39:41 Stone Mining
41:37 Stone Shaft Mining
41:27 Bracer
42:31 Paper Money
42:09 Arbalester
44:41 Hand Cart
45:20 Ring Archer Armor
45:54 Chemistry
Connection lost

Rejoining the realm…

Still unreachable

The connection could not be restored.

Session expired

The server has moved on; the page needs a fresh start.